 Dungeon Crawl Stone Soup version 0.29-a0-892-g2c4c91d9db (webtiles) character file.

Game seed: 15603395974486593361

1540 ragingrage the Cleaver (level 8, 0/46 HPs)
             Began as a Gargoyle Delver on July 22, 2022.
             Was a Priest of Okawaru.
             Slain by Duvessa
             ... wielding a +0 rapier
              (4 damage)
             ... on level 5 of the Dungeon.
             The game lasted 00:05:24 (5625 turns).

ragingrage the Cleaver (Gargoyle Delver)            Turns: 5625, Time: 00:05:24

Health: 0/46       AC: 10    Str: 18    XL:     8   Next: 86%
Magic:  8/8        EV: 11    Int: 11    God:    Okawaru [***...]
Gold:   400        SH:  0    Dex: 14    Spells: 7/7 levels left

rFire   . . .      SeeInvis .   a - +8 flail "Hoqeij" {flame, rElec rN+ Dex+3}
rCold   . . .      Faith    +   (no shield)
rNeg    + + .      Spirit   .   q - +0 ring mail
rPois   ∞          Reflect  .   (no helmet)
rElec   +          Harm     .   (no cloak)
rCorr   .          Rampage  .   (no gloves)
Will    .....                   (no boots)
Stlth   ++........              u - amulet of faith
HPRegen 0.15/turn               (no ring)
MPRegen 0.11/turn               (no ring)

@: no status effects
A: sickness immunity, AC +5, negative energy resistance 1, electricity
resistance, torment resistance 1, petrification resistance
a: Renounce Religion, Heroism


You were on level 5 of the Dungeon.
You worshipped Okawaru.
Okawaru was most pleased with you.
You visited 1 branch of the dungeon, and saw 7 of its levels.

You collected 400 gold pieces.

Inventory:

Hand Weapons
 a - the +8 flail "Hoqeij" (weapon) {flame, rElec rN+ Dex+3}
   (You found it on level 4 of the Dungeon)

   It burns those it strikes, dealing additional fire damage.
   Dex:       It affects your dexterity (+3).
   rElec:     It insulates you from electricity.
   rN:        It protects you from negative energy.
 b - a +0 sling
 D - a +2 war axe
Missiles
 p - 2 boomerangs
 r - 5 poisoned darts (quivered)
 G - a throwing net
Armour
 q - a +0 ring mail (worn)
Jewellery
 u - an amulet of faith (around neck)
 C - an amulet of the acrobat
Wands
 g - a wand of digging (3)
 l - a wand of polymorph (6)
Scrolls
 c - a scroll of fog
 d - a scroll of magic mapping
 e - a scroll of fear
 h - 2 scrolls of immolation {unknown}
 k - a scroll of amnesia {unknown}
 m - 2 scrolls of blinking {unknown}
 n - 4 scrolls of identify {unknown}
 o - a scroll of poison {unknown}
 v - 3 scrolls of teleportation {unknown}
 w - a scroll of noise {unknown}
 x - a scroll of summoning {unknown}
 y - a scroll of enchant armour {unknown}
 A - a scroll of acquirement {unknown}
Potions
 f - 3 potions of haste
 i - a potion of magic {unknown}
 j - a potion of flight {unknown}
 s - 2 potions of mutation {unknown}
 t - 3 potions of curing {unknown}
 z - 2 potions of degeneration {unknown}
 B - a potion of experience {unknown}
 E - a potion of lignification {unknown}
 F - a potion of invisibility {unknown}


   Skills:
 - Level 3.2 Fighting
 * Level 10.1 Axes
 - Level 1.5 Dodging
 - Level 5.4 Stealth


You had 7 spell levels left.
You didn't know any spells.
Your spell library contained the following spells:

 Spells                   Type           Power      Damage    Failure   Level
 Beastly Appendage        Tmut           0%         N/A       54%         1
 Poisonous Vapours        Pois/Air       0%         N/A       67%         2
 Wereblood                Tmut           0%         N/A       67%         2
 Spider Form              Tmut/Pois      0%         N/A       88%         3
 Corpse Rot               Necr/Pois/Air  0%         N/A       99%         4


Dungeon Overview and Level Annotations

Branches:
Dungeon (7/15)
 Temple: D:4-7

Altars:
Elyvilon
Fedhas
Hepliaklqana
Kikubaaqudgha
Okawaru
Sif Muna

Annotations:
D:5 exclusion: ogre, Duvessa


Innate Abilities, Weirdness & Mutations

You are immune to sickness and miasma.
Your stone body is resilient. (AC +5)
You are immune to poison.
You resist negative energy. (rN+)
You are resistant to electric shocks. (rElec)
You are resistant to unholy torment.
You are immune to petrification.


Message History

The gnoll hits you with a +0 whip.
You closely miss the gnoll.
The gnoll is severely wounded.
The gnoll hits you with a +0 whip.
You barely miss the gnoll.
The gnoll is severely wounded.
The gnoll hits you with a +0 whip.
You are too injured to fight recklessly!
You sock the gnoll! You burn the gnoll.
You kill the gnoll!
Okawaru accepts your kill.
G - a throwing net
Things that are here:
a +0 whip; a +0 spear; a gnoll corpse You start resting.
Duvessa, Sister of Dowan comes into view.
She is wielding a +0 rapier.
Duvessa goes berserk!
There is a stone staircase leading down here.
Duvessa is nearby!
There is a stone staircase leading up here.
Duvessa rages.
You climb upwards.
There is a stone staircase leading down here.
Unknown command.
You start resting.
HP restored.
You climb downwards.
Level annotation: exclusion: ogre, Duvessa Duvessa hits you with a +0 rapier! x2
There is a stone staircase leading up here.
Unknown command.
You sock Duvessa! You burn Duvessa.
Duvessa is lightly wounded.
Duvessa barely misses you.
You sock Duvessa! You burn Duvessa.
Duvessa is moderately wounded.
Duvessa hits you with a +0 rapier!!
* * * LOW HITPOINT WARNING * * *
Duvessa hits you with a +0 rapier.
You die...

..
..........###...##.#.##
#.......#..#..# #..#..##
#......###...####.###..#
..##### ##.......# ##†#
# ##.....#### #.##
###>).##...# #..##
#.....####.### ##..#
#.##.## #...#####.##
#####.#e@# ###..##.....
###.......## ##........
#...####.## ###......
#...### ....# ##..†<.
.....## .....# #.....
$... #.....# #####. ...
#.....# #. .. #.....# #.
. #.....# ##


You could see Duvessa (berserk).

Vanquished Creatures
  3 yaks (D:6)
  2 black bears (D:6)
  A centaur (D:6)
  A phantom (D:6)
  A scorpion (D:6)
  5 wights (D:6)
  Dowan (D:5)
  A howler monkey (D:6)
  Crazy Yiuf (D:6)
  4 hounds
  9 adders
  4 gnolls
  2 shadow imps
  2 white imps
  3 dart slugs
  5 orcs
  8 endoplasms
  2 giant cockroaches (D:4)
  7 goblins
  4 hobgoblins
  5 jackals
  7 kobolds
  5 quokkas
  5 ball pythons
  6 bats
  A frilled lizard (D:2)
  6 rats
101 creatures vanquished.

Notes
Turn   | Place    | Note
-------+----------+-------------------------------------------
     0 | D:5      | ragingrage the Gargoyle Delver began the quest for the Orb.
     0 | D:5      | Reached XP level 1. HP: 14/14 MP: 1/1
    30 | D:4      | Identified the +8 flail "Hoqeij" {flame, rElec rN+ Dex+3}
    53 | D:4      | Reached skill level 2 in Axes
    53 | D:4      | Reached XP level 2. HP: 19/19 MP: 2/2
   140 | D:4      | Noticed a black bear
   146 | D:3      | Found an iron altar of Okawaru.
   155 | D:3      | Became a worshipper of Warmaster Okawaru
   243 | D:3      | Found a white marble altar of Elyvilon.
   436 | D:3      | Reached skill level 3 in Axes
   538 | D:3      | Found a hazy altar of Hepliaklqana.
   540 | D:3      | Reached XP level 3. HP: 23/23 MP: 3/3
  1056 | D:2      | Reached XP level 4. HP: 16/28 MP: 4/4
  1360 | D:1      | Reached skill level 4 in Axes
  2904 | D:4      | Reached XP level 5. HP: 32/32 MP: 5/5
  3053 | D:4      | Noticed a black bear
  3145 | D:5      | Noticed an ogre
  3161 | D:5      | Reached skill level 5 in Axes
  3320 | D:5      | Noticed Dowan
  3340 | D:5      | Killed Dowan
  3340 | D:5      | Reached * piety under Okawaru
  3341 | D:5      | Reached XP level 6. HP: 35/37 MP: 6/6
  3375 | D:6      | Found an ancient bone altar of Kikubaaqudgha.
  3404 | D:6      | Found a runed translucent door.
  3405 | D:6      | Noticed Crazy Yiuf
  3795 | D:6      | Noticed Sigmund
  3805 | D:6      | Noticed Sigmund
  3805 | D:6      | Sigmund changed into Sigmund the gnoll
  3810 | D:6      | Killed Sigmund the gnoll
  3811 | D:6      | Reached skill level 6 in Axes
  3853 | D:6      | Reached XP level 7. HP: 15/41 MP: 7/7
  3858 | D:6      | Reached skill level 7 in Axes
  4114 | D:6      | Reached ** piety under Okawaru
  4177 | D:6      | Noticed Eustachio
  4188 | D:6      | Noticed Eustachio
  4188 | D:6      | Eustachio changed into Eustachio the centaur
  4190 | D:6      | Killed Eustachio the centaur
  4280 | D:6      | Reached skill level 8 in Axes
  4460 | D:6      | Killed Crazy Yiuf
  4462 | D:6      | Noticed a yak
  4464 | D:6      | Noticed a yak
  4494 | D:6      | Reached XP level 8. HP: 30/46 MP: 8/8
  4673 | D:6      | Found a shimmering blue altar of Sif Muna.
  4689 | D:6      | Noticed a yak
  4716 | D:6      | Killed a yak
  4718 | D:6      | Killed a yak
  4719 | D:6      | Reached skill level 9 in Axes
  4724 | D:6      | Killed a yak
  4724 | D:6      | Reached *** piety under Okawaru
  4986 | D:6      | Found a blossoming altar of Fedhas.
  5428 | D:6      | Reached skill level 10 in Axes
  5532 | D:5      | Noticed Duvessa
  5625 | D:5      | Slain by Duvessa

Illustrated notes

Levels and vault maps discovered:
D:1:      dpeg_cavernosity, layout_rooms
D:2:      layout_basic, minmay_fractal_squares_5
D:3:      layout_basic, amcnicky_altar_gilded, nicolae_elyvilon_peaceful_grove,
          marbit_many_paths
D:4:      layout_loops_ring, temple_statues
D:5:      layout_rooms, uniq_duvessa
D:6:      layout_layer_cave, nicolae_sif_muna_condensation,
          kiku_gazebo_pond_becter, fedhas_altar_4,
          minmay_misc_feat_secret_circle, dk_rats_in_the_wall,
          uniq_crazy_yiuf_cottage, uniq_sigmund, uniq_eustachio
D:7:      layout_layer_cave, mainiacjoe_overflow_two_lobes, nicolae_shop_gadgets

Skill      XL: |  1  2  3  4  5  6  7  8 |
---------------+-------------------------+-----
Axes           | 2 3 4 5 6 8 10 | 10.1
Fighting       | |  3.2
Dodging        | |  1.5
Stealth        | |  5.4

Action                   |  1- 3 |  4- 6 |  7- 9 || total
-------------------------+-------+-------+-------++-------
Melee: Flail             |    45 |   108 |    79 ||   232
       Punch             |       |     1 |     3 ||     4
       Unarmed           |       |     1 |       ||     1
 Fire: Sling             |       |     2 |       ||     2
Throw: Boomerang         |       |       |     5 ||     5
       Dart              |       |       |     4 ||     4
Invok: Heroism           |       |     1 |     3 ||     4
Evoke: Wand              |       |     2 |     3 ||     5
 Stab: Sleeping          |     7 |     7 |     1 ||    15
Armor: Leather armour    |    16 |       |       ||    16
       Ring mail         |     8 |    41 |    47 ||    96
Dodge: Dodged            |    27 |    59 |    65 ||   151

Table legend: (Time is in decaauts)
 A = Elapsed time spent in this place.
 B = Non-inter-level travel time spent in this place.
 C = Inter-level travel time spent in this place.
 D = Time resting spent in this place.
 E = Time spent auto-exploring this place.
 F = Levels seen in this place.
 G = Mean time per level.
                   A        B        C        D        E       F      G
               +--------+--------+--------+--------+--------+-----+--------+
         Total |   5659 |   5509 |    150 |    840 |   3689 |   7 |  808.4 |
       Dungeon |   5659 |   5509 |    150 |    840 |   3689 |   7 |  808.4 |
               +--------+--------+--------+--------+--------+-----+--------+

Top non-repeatable levels by time:
     D:6: 1835 daAuts
     D:2: 1065 daAuts
     D:3: 955 daAuts
     D:5: 665 daAuts
     D:1: 642 daAuts
     D:4: 489 daAuts
     D:7: 5 daAuts
